[Event "Early-Titled-Tuesday-Blitz-March-19-2024"]
[Site "Chess.com"]
[Date "2024.03.19"]
[Round "2"]
[White "YaWaleriy"]
[Black "Kislov_Oleg"]
[Result "1-0"]
[WhiteElo "2403"]
[BlackElo "2558"]
[TimeControl "180+1"]
[EndTime "8:19:45 PDT"]
[Termination "YaWaleriy won by resignation"]

1. d4 d5 2. Nf3 Nf6 3. c4 e6 4. Nc3 Be7 5. Bf4 O-O 6. e3 a6 7. c5 Nh5 8. Bd3 Nxf4 9. exf4 b6 10. b4 a5 11. a3 axb4 12. axb4 Rxa1 13. Qxa1 bxc5 14.
bxc5 Bf6 15. O-O Nc6 16. Ne2 Nb4 17. Rd1 Nxd3 18. Rxd3 Bd7 19. Rb3 Qa8 20. Qxa8 Rxa8 21. g3 Bc6 22. Ne5 Bxe5 23. fxe5 f6 24. f4 Kf7 25. Kf2 Kg6 26. Kf3 h5 27. h3 Ba4 28. Ra3 Bc6 29. Rxa8 Bxa8 30. Nc1 Bc6 31. Nd3 Bb5 32. Nb4 Kf5 33. Nc2 Kg6 34. Ne3 c6 35.
Kf2 Bd3 36. h4 f5 37. Ke1 Kf7 38. Kd2 Bb5 39. Kc3 Ke7 40. Kb4 Kd7 41. Ka5 Kc7 42. Nc2 Bd3 43. Nb4 Bb5 44. Na2 Kb7 45. Nc3 Bc4 46.
Nd1 Be2 47. Nf2 Bf1 48. Nd1 Be2 49. Nb2 Ka7 50. Na4 Kb7 51. Nb6 Kc7 52. Na8+ Kb7 53. Nb6 Kc7 54. Na4 Bb5 55. Nc3 Bd3 56. Kb4 Bc4 57.
Nb1 Bd3 58. Nd2 Kb7 59. Nf3 Kc7 60. Ng5 Kd7 61. Ka5 Bb5 62. Kb6 Ba4 63. Nf3 Bb5 64. Ne1 Be2 65. Nc2 Bb5 66. Nb4 Ba4 67. Na6 Bb5 68.
Nb8+ Ke7 69. Nxc6+ Bxc6 70. Kxc6 1-0

[Event "Early-Titled-Tuesday-Blitz-March-19-2024"]
[Site "Chess.com"]
[Date "2024.03.19"]
[Round "2"]
[White "Willhaven3"]
[Black "gpsji27"]
[Result "0-1"]
[WhiteElo "2542"]
[BlackElo "2350"]
[TimeControl "180+1"]
[EndTime "8:19:55 PDT"]
[Termination "gpsji27 won on time"]

1. e4 e5 2. f4 exf4 3. Nf3 d5 4. exd5 Be7 5. Bc4 Bh4+ 6. Kf1 Nh6 7. Nc3 O-O 8. d4 Ng4 9. Bxf4 Nf2 10. Qd2 Nxh1 11.
g3 Bh3+ 12. Kg1 Nxg3 13. hxg3 Bf6 14. Ne4 Nd7 15. Bb3 Re8 16. Nf2 Bf5 17. c4 Be4 18. Nxe4 Rxe4 19. Bc2 Re8 20. Kg2 g6 21. Rh1 Qe7 22.
Bd3 Nf8 23. Ne5 Rad8 24. Ng4 Bg7 25. Bh6 f5 26. Bxg7 fxg4 27. Be5 Qf7 28. Bf4 Rd7 29.
Qd1 Rde7 30. Qxg4 Nd7 31. Bg5 Re1 32. Rxe1 Rxe1 33. Bf4 Re8 34. d6 Nf6 35. Qf3 cxd6 36. Bxd6 Rd8 37. Be5 Nd7 38. Bf4 Re8 39. d5 Ne5 40.
Bxe5 Qxf3+ 41. Kxf3 Rxe5 42. Be4 Re8 43. c5 Kf7 44. b3 Ke7 45. b4 Kd7 46. Kf4 Rf8+ 47. Ke3 Rf1 48. g4 Re1+ 49. Kd4 Rd1+ 50. Kc3 Re1 51. Kd4 Rg1 52. Bf3 Rb1 53. Kc4 Rc1+ 54. Kd4 Rc2 55. a3 Rf2 56. Be4 Rf4 57. Ke5 Rxg4 58.
b5 Rg5+ 59. Kd4 Rg1 60. c6+ bxc6 61. dxc6+ Kd6 62. Bd3 Rd1 63. Ke3 g5 64. Bxh7 Rc1 65. Be4 Kc7 66. a4 Rc4 67. a5 Ra4 68. Bd3 Rxa5 69. Ke4 Ra4+ 70. Kf3 g4+ 71. Ke3 g3 72. Be2 Ra3+ 73. Kd2 g2 0-1

[Event "Early-Titled-Tuesday-Blitz-March-19-2024"]
[Site "Chess.com"]
[Date "2024.03.19"]
[Round "2"]
[White "Lukianoo"]
[Black "xasid81"]
[Result "1/2-1/2"]
[WhiteElo "2819"]
[BlackElo "2590"]
[TimeControl "180+1"]
[EndTime "8:19:56 PDT"]
[Termination "Game drawn - insufficient material"]

1. e4 d5 2. exd5 Qxd5 3. Nc3 Qa5 4. g3 c6 5. Bg2 Bf5 6. b4 Qc7 7. Nge2 e6 8. Rb1 a6 9. a4 Nf6 10. b5 axb5 11. axb5 Bd6 12. O-O O-O 13. d3 Nbd7 14. bxc6 bxc6 15. Nd4 Bg4 16. Qe1 Ra6 17. h3 Bh5 18.
Nxc6 Rxc6 19. Nb5 Qb6 20. Be3 Qa6 21. c4 Bc5 22. Ra1 Qc8 23. d4 Bxd4 24. Bxd4 Rxc4 25. Nd6 Qc7 26. Nxc4 Qxc4 27. Qc3 Qxc3 28. Bxc3 Rc8 29.
Rfc1 h6 30. Bxf6 Rxc1+ 31. Rxc1 Nxf6 32. Rc8+ Kh7 33. Rc7 Bg6 34. f4 Kg8 35. g4 h5 36.
Bf3 hxg4 37. hxg4 Be4 38. Bxe4 Nxe4 39. Kg2 Nf6 40. Kf3 g6 41. Ra7 Kg7 42. g5 Nd5 43. Ke4 Kg8 44. Rb7 Kg7 45. Ke5 Kg8 46. Rd7 Kf8 47.
Rd8+ Kg7 48. Ra8 Ne7 49. Ra4 Nd5 50. Kd6 Kf8 51. Rc4 Ne3 52. Rc8+ Kg7 53. Ra8 Nd5 54. Ra4 Kf8 55. Rd4 Ne3 56. Kd7 Nf5 57. Rc4 Ne3 58.
Rc8+ Kg7 59. Ke8 Nd5 60. Rc4 Kg8 61. Ra4 Nc7+ 62. Kd7 Nd5 63. Ke8 Nc7+ 64. Kd8 Nd5 65. Rc4 Kf8 66. Ra4 Nb6 67. Rd4 Nd5 68. Kd7 Ne7 69.
Rc4 Nd5 70. Kd6 Ne3 71. Rc8+ Kg7 72. Ke5 Nd5 73. Rd8 Ne3 74. Rd3 Nd5 75. Rxd5 exd5 76.
Kxd5 Kf8 77. Kd6 Ke8 78. Ke5 Ke7 79. f5 gxf5 80. Kxf5 Kf8 81. Kf6 Kg8 82. g6 fxg6 83. Kxg6 1/2-1/2

[Event "Early-Titled-Tuesday-Blitz-March-19-2024"]
[Site "Chess.com"]
[Date "2024.03.19"]
[Round "2"]
[White "js20000"]
[Black "Preobrazhenska_D2011"]
[Result "1-0"]
[WhiteElo "2791"]
[BlackElo "2458"]
[TimeControl "180+1"]
[EndTime "8:20:00 PDT"]
[Termination "js20000 won by checkmate"]

1. d4 Nf6 2. Nf3 b6 3. Bg5 Ne4 4. Bf4 Bb7 5. Nbd2 e6 6. Nxe4 Bxe4 7. Nd2 Bb7 8. e4 d6 9. Bd3 Be7 10. O-O Nd7 11. Nf3 O-O 12. Qe2 h6 13. Ba6 Bxa6 14.
Qxa6 Nf6 15. Rfe1 d5 16. exd5 Nxd5 17. Bd2 c5 18. Rad1 Qc7 19. c4 Nf6 20. Bc3 Rfd8 21. dxc5 bxc5 22. Ba5 Qc8 23. Qxc8 Rdxc8 24. Ne5 Rab8 25. b3 Bd8 26. Bc3 a5 27. Rxd8+ Rxd8 28. Nc6 Rbc8 29. Nxd8 Rxd8 30. Kf1 Ra8 31. a4 Ng4 32.
Rd1 Nxh2+ 33. Ke2 Ng4 34. Rd7 Nf6 35. Bxf6 gxf6 36. Rb7 Rc8 37. Rb5 f5 38. Rxa5 Kg7 39. Rb5 Kf6 40. a5 Ke5 41. a6 Kd4 42. a7 Ra8 43. Rb7 Kc3 44. Ke3 f6 45. f4 h5 46.
Kf3 e5 47. Ke3 e4 48. g3 Kc2 49. Ke2 Kc3 50. Ke3 Kc2 51. Rc7 Kxb3 52. Rxc5 Rxa7 53. Rxf5 Kxc4 54. Kxe4 Ra3 55. Rxh5 Rxg3 56. Kf5 Rf3 57.
Rh6 Kd5 58. Rxf6 Rf2 59. Ra6 Rf1 60. Kg5 Ke4 61. Re6+ Kd5 62. f5 Rg1+ 63. Kf6 Rf1 64. Ra6 Rf2 65. Kg6 Rg2+ 66. Kf7 Ke5 67. f6 Rf2 68. Kg7 Rg2+ 69. Kf8 Rg6 70. Ke7 Kf5 71.
Ra5+ Kg4 72. f7 Rg7 73. Ke8 Rg6 74. f8=Q Re6+ 75. Kf7 Re4 76. Qg7+ Kf3 77. Qf6+ Ke3 78. Ra3+ Ke2 79. Qb2+ Kd1 80. Ra1# 1-0

[Event "Early-Titled-Tuesday-Blitz-March-19-2024"]
[Site "Chess.com"]
[Date "2024.03.19"]
[Round "2"]
[White "DvaHrasta"]
[Black "GMG"]
[Result "1/2-1/2"]
[WhiteElo "2461"]
[BlackElo "2776"]
[TimeControl "180+1"]
[EndTime "8:20:00 PDT"]
[Termination "Game drawn - insufficient material"]

1. c4 e5 2. g3 Nf6 3. Bg2 h6 4.
Nc3 Bb4 5. Nd5 Nxd5 6. cxd5 O-O 7. a3 Bc5 8. b4 Bd4 9. Rb1 a5 10. e3 Bb6 11. Ne2 axb4 12. axb4 d6 13. d4 Bf5 14. e4 Bg4 15. dxe5 dxe5 16. h3 Bxe2 17. Qxe2 Nd7 18. O-O Nf6 19. Kh2 Qd6 20. f4 Bd4 21. Be3 Bxe3 22.
Qxe3 Rfe8 23. f5 Ra2 24. Rf2 Rea8 25. Rbb2 R2a3 26. Qc5 Ne8 27. Bf1 Qd8 28. Rfc2 Ra1 29.
Bb5 Nd6 30. Bd3 R1a3 31. Rc3 Rxc3 32. Qxc3 Qe7 33. Rc2 Rc8 34. h4 g6 35. fxg6 fxg6 36.
Qd2 Kg7 37. Qe3 Rf8 38. Rf2 Rxf2+ 39. Qxf2 b6 40. Kg2 Qf6 41. Qxf6+ Kxf6 42. Kf3 Nf7 43.
Bb5 Nd6 44. Bd3 Nc8 45. Bb5 Ke7 46. Kg4 Nd6 47. Bd3 Nf7 48. Bb5 h5+ 49. Kf3 Nh6 50. Be2 Ng4 51. Kg2 Nf6 52. Kf3 Kd6 53. Bb5 Ke7 54.
Bd3 Nh7 55. g4 hxg4+ 56. Kxg4 Kf6 57. Bb5 Kg7 58. Bd3 Nf6+ 59. Kg5 Nh7+ 60. Kg4 Kh6 61. Bc2 Nf6+ 62. Kg3 g5 63. hxg5+ Kxg5 64. Bd3 Nh5+ 65. Kf3 Kh4 66. Bb5 Nf6 67. Bf1 Nh7 68. Be2 Ng5+ 69.
Ke3 Kg3 70. Bh5 Nh3 71. Bg6 Nf4 72. Bf5 Ng2+ 73. Kd3 Kf4 74. Kc4 Nh4 75. Kb5 Nxf5 76. exf5 Kxf5 77. Kc6 e4 78. Kxc7 e3 79. d6 e2 80. d7 e1=Q 81. d8=Q Qxb4 82. Qd7+ Ke5 83. Qe8+ Kd5 84. Qh5+ Kc4 85. Qg4+ Kb5 86. Qxb4+ Kxb4 87. Kxb6 1/2-1/2

[Event "Early-Titled-Tuesday-Blitz-March-19-2024"]
[Site "Chess.com"]
[Date "2024.03.19"]
[Round "2"]
[White "edgarhay012"]
[Black "OparinGrigoriy"]
[Result "0-1"]
[WhiteElo "2660"]
[BlackElo "2979"]
[TimeControl "180+1"]
[EndTime "8:20:29 PDT"]
[Termination "OparinGrigoriy won by resignation"]

1. e4 c6 2. d4 d5 3. Nc3 dxe4 4. Nxe4 Nf6 5. Nxf6+ exf6 6. c3 Bd6 7. Bd3 O-O 8.
Ne2 Re8 9. Qc2 h5 10. O-O h4 11.
h3 Nd7 12. Bd2 Nf8 13. Rae1 Bd7 14. f4 Rc8 15. c4 Ne6 16. f5 Ng5 17. Nc3 Bg3 18.
Rxe8+ Qxe8 19. Ne2 Bb8 20. Nf4 Qe7 21. Re1 Qd6 22.
Qc3 c5 23. d5 Qa6 24. a3 Be5 25. Qc1 Qd6 26. Nh5 Re8 27. Kh1 Nh7 28. b4 b6 29.
Bf4 cxb4 30. axb4 Qxb4 31. Bxe5 Rxe5 32. Rxe5 fxe5 33. f6 Nxf6 34. Nxg7 Kxg7 35. Qg5+ Kf8 36. Qxf6 Qe1+ 37. Bf1 Qc1 38. d6 Kg8 39. Kg1 Qe3+ 40.
Kh1 Qf4 41. Qd8+ Kg7 42. Qxd7 Qxf1+ 43. Kh2 Qf4+ 44. Kg1 e4 45. Qe7 Qf6 46. Kh2 e3 47. Qxe3 Qxd6+ 48. Kh1 Qf6 49. c5 bxc5 50. Qxc5 a6 51. Kh2 Qf4+ 52. Kh1 Qf6 53. Kh2 Kg6 54. Qc2+ Kg5 55. Qc5+ Qf5 56. Qe7+ Kh5 57. Qd6 a5 58. Qd8 Kg6 59. Kh1 Qf1+ 60. Kh2 Qf4+ 61. Kh1 a4 62. Qg8+ Kf6 63. Qh8+ Ke6 64. Qe8+ Kd5 65. Qd7+ Ke5 66. Qc7+ Ke4 67. Qc4+ Ke3 68. Qc1+ Ke4 69. Qc4+ Ke5 70.
Qc7+ Kf5 71. Qxf7+ Kg5 72. Qg7+ Kh5 73. Qh7+ Qh6 74.
Qf5+ Qg5 75. Qf7+ Kh6 76. Qe6+ Qg6 77. Qe3+ Qg5 78. Qb6+ Kh5 79. Qa7 Qc1+ 80. Kh2 Qf4+ 81. Kh1 Qf1+ 82. Kh2 Qc4 83. Qh7+ Kg5 84. Qg7+ Kf5 85.
Qf8+ Ke4 86. Qe7+ Kd3 87. Kg1 Qd4+ 88. Kf1 Kc3 89. Qa3+ Kc2 90. Qa2+ Kd3 91. Qa3+ Ke4 92. Ke2 Qc4+ 93. Kf2 Kd4 94. Qe3+ Kd5 95. Qg5+ Kc6 96. Qf6+ Kb5 97. Qf5+ Qc5+ 98. Qxc5+ Kxc5 99. Ke3 a3 100. Kd3 a2 101. Kc2 a1=Q 0-1

[Event "Early-Titled-Tuesday-Blitz-March-19-2024"]
[Site "Chess.com"]
[Date "2024.03.19"]
[Round "2"]
[White "AlexandraSamaganova"]
[Black "ketster"]
[Result "1/2-1/2"]
[WhiteElo "2320"]
[BlackElo "2537"]
[TimeControl "180+1"]
[EndTime "8:21:19 PDT"]
[Termination "Game drawn - insufficient material"]

1. c4 Nf6 2. Nc3 e5 3. Nf3 e4 4. Ng5 Qe7 5. Qc2 d5 6. cxd5 Bf5 7. Qb3 Qb4 8. Qxb4 Bxb4 9. f3 Bxc3 10. bxc3 h6 11. Nxe4 Nxe4 12. fxe4 Bxe4 13. c4 Nd7 14. d3 Bg6 15. Ba3 O-O-O 16. O-O-O Rhe8 17. Rd2 Ne5 18. h3 f5 19. g3 Bh5 20. Bg2 g5 21. Rf1 Bg6 22. Kb2 b6 23. Kc3 a5 24. Rb1 Nd7 25.
Kd4 Re5 26. e4 Rde8 27. Re1 fxe4 28. dxe4 Nf6 29. Rde2 b5 30. Bc5 bxc4 31. Kxc4 Nxd5 32. Bd4 Nb6+ 33. Kd3 R5e7 34. Bxb6 cxb6 35. Kd4 Rd7+ 36. Kc3 Re5 37. Re3 Rde7 38. Kd4 Kc7 39. g4 Bf7 40. a3 b5 41. Rc1+ Kb6 42. Rf1 Bc4 43. Rf6+ R5e6 44. Rxe6+ Rxe6 45. e5 a4 46. Be4 Re8 47. Bf5 Rd8+ 48.
Kc3 Kc5 49. e6 Kd6 50. Kb4 Re8 51. Re4 Ke7 52. Re3 Rd8 53. Re1 Rd2 54. Kc5 Rd5+ 55. Kb4 Rd2 56. Kc5 Ra2 57. Kb4 Rb2+ 58. Kc5 Rb3 59. Rd1 Bxe6 60. Re1 Rxa3 61. Rxe6+ Kf7 62. Kxb5 Rxh3 63. Ra6 a3 64. Kc5 Kg7 65. Kd5 h5 66. gxh5 Rxh5 67. Ke5 Rh2 68. Ra7+ Kf8 69. Rxa3 Re2+ 70. Kf6 Re8 71. Kxg5 Ke7 72. Re3+ Kd8 73. Rd3+ Kc7 74. Rd7+ Kb6 75. Kf6 Re2 76. Be6 Kc5 77.
Ke7 Kb4 78. Rd4+ Kc3 79. Rc4+ Kd2 80. Rd4+ Kc3 81. Rc4+ Kd2 82. Rh4 Rf2 83. Kd6 Re2 84. Bd5 Rf2 85. Ke5 Re2+ 86. Kd4 Rf2 87. Rh8 Rf4+ 88.
Be4 Rf2 89. Ra8 Ke1 90. Ra1+ Kd2 91. Ra2+ Ke1 92. Ra7 Kd2 93. Ra2+ Ke1 94. Ra1+ Kd2 95. Ra7 Ke1 96. Ke3 Re2+ 97. Kd3 Rd2+ 98. Ke3 Re2+ 99. Kf4 Rf2+ 100. Bf3 Kd2 101. Rd7+ Kc3 102. Ke3 Rb2 103. Rc7+ Kb4 104. Be4 Rb3+ 105. Kd4 Rb2 106. Bd5 Rd2+ 107. Ke5 Re2+ 108. Kd6 Rb2 109. Rb7+ Kc3 110. Rc7+ Kd2 111. Ke5 Rc2 112. Rg7 Rb2 113. Rg2+ Kc3 114. Rxb2 Kxb2 1/2-1/2

[Event "Early-Titled-Tuesday-Blitz-March-19-2024"]
[Site "Chess.com"]
[Date "2024.03.19"]
[Round "3"]
[White "Let_it_be_1"]
[Black "The_Straightforward_Rook"]
[Result "1-0"]
[WhiteElo "2627"]
[BlackElo "2427"]
[TimeControl "180+1"]
[EndTime "8:24:11 PDT"]
[Termination "Let_it_be_1 won by resignation"]

1. e4 c5 2. Nf3 Nc6 3. d4 cxd4 4. Nxd4 e5 5. Nb5 d6 6. Bc4 Nf6 7. Bg5 Be7 8. Bxf6 Bxf6 9. Nxd6+ Ke7 10. Nxc8+ Rxc8 11.
Nc3 Qxd1+ 12. Rxd1 Nd4 13. Bd3 Rhd8 14. Nd5+ Ke6 15.
c3 Nc6 16. b4 a6 17. Bc4 b5 18.
Bb3 1-0

[Event "Early-Titled-Tuesday-Blitz-March-19-2024"]
[Site "Chess.com"]
[Date "2024.03.19"]
[Round "3"]
[White "ninguno46"]
[Black "RamyresCoelho"]
[Result "1-0"]
[WhiteElo "2545"]
[BlackElo "2292"]
[TimeControl "180+1"]
[EndTime "8:24:38 PDT"]
[Termination "ninguno46 won by resignation"]

1. e4 c5 2. Nc3 e6 3. Nge2 Nc6 4.
g3 d6 5. Bg2 Nf6 6. O-O Be7 7.
d4 cxd4 8. Nxd4 Bd7 9. Nb3 a6 10. a4 O-O 11. a5 Rc8 12. Be3 Ne5 13. Bb6 Qe8 14. Nd2 Nc4 15. Nxc4 Rxc4 16. Qd3 Qc8 17.
Rfd1 Be8 18. Bd4 e5 19. Be3 Bc6 20. Qxc4 1-0

[Event "Early-Titled-Tuesday-Blitz-March-19-2024"]
[Site "Chess.com"]
[Date "2024.03.19"]
[Round "3"]
[White "secrethawk1"]
[Black "geminithegreat"]
[Result "1-0"]
[WhiteElo "2441"]
[BlackElo "2224"]
[TimeControl "180+1"]
[EndTime "8:24:39 PDT"]
[Termination "secrethawk1 won by resignation"]

1. e4 e5 2. Nf3 Nc6 3. Bb5 a6 4. Ba4 Nf6 5. O-O Be7 6. Re1 b5 7. Bb3 d6 8. c3 O-O 9. h3 Na5 10.
Bc2 c5 11. d4 Nd7 12. Nbd2 exd4 13. cxd4 Nc6 14. d5 Nce5 15. Nxe5 Nxe5 16. Nf3 Nxf3+ 17.
Qxf3 Bf6 18. Rb1 a5 19. b3 Bd7 20. Qd3 b4 21. e5 1-0

[Event "Early-Titled-Tuesday-Blitz-March-19-2024"]
[Site "Chess.com"]
[Date "2024.03.19"]
[Round "3"]
[White "RandomNoob04"]
[Black "BashiqChess"]
[Result "1-0"]
[WhiteElo "2662"]
[BlackElo "2452"]
[TimeControl "180+1"]
[EndTime "8:24:41 PDT"]
[Termination "RandomNoob04 won by resignation"]

1. e4 c6 2. d4 d5 3. Nc3 dxe4 4. Nxe4 Nf6 5. Ng5 h6 6. Nxf7 Kxf7 7. Nf3 Nbd7 8. Bd3 e6 9. O-O Bd6 10. Re1 Rf8 11. Ne5+ Bxe5 12. dxe5 Nd5 13. Qh5+ Kg8 14. Bxh6 Qe8 15. Bg6 Qe7 16. Bg5 1-0

[Event "Early-Titled-Tuesday-Blitz-March-19-2024"]
[Site "Chess.com"]
[Date "2024.03.19"]
[Round "3"]
[White "scarabee43"]
[Black "davidarenas1224"]
[Result "1-0"]
[WhiteElo "2818"]
[BlackElo "2531"]
[TimeControl "180+1"]
[EndTime "8:24:51 PDT"]
[Termination "scarabee43 won by resignation"]

1. Nf3 Nf6 2. c4 e6 3. Nc3 d5 4. e3 c5 5. cxd5 Nxd5 6. Nxd5 Qxd5 7. b3 Be7 8. Bb2 O-O 9. Bc4 Qd8 10. O-O a6 11. d4 b5 12. Bd3 Bb7 13. dxc5 g6 14.
b4 Nc6 15. a3 a5 16. Bxb5 axb4 17. Bxc6 Bxc6 18. axb4 Rxa1 19. Bxa1 Qb8 20. Ne5 Bd5 21. Nd7 Qb7 22. Nxf8 Bxg2 23. Nd7 Bxf1 24. Kxf1 Qh1+ 25. Ke2 Qxh2 26. Qd4 Qh5+ 27. Kd2 1-0

[Event "Early-Titled-Tuesday-Blitz-March-19-2024"]
[Site "Chess.com"]
[Date "2024.03.19"]
[Round "3"]
[White "Szachulec75"]
[Black "Vladimir_Zakhartsov"]
[Result "0-1"]
[WhiteElo "2212"]
[BlackElo "3005"]
[TimeControl "180+1"]
[EndTime "8:25:00 PDT"]
[Termination "Vladimir_Zakhartsov won by resignation"]

1. Nf3 c5 2. g3 Nc6 3. Bg2 g6 4. O-O Bg7 5. d3 d5 6. c3 Nf6 7. Nbd2 O-O 8. e4 e5 9. exd5 Nxd5 10. Re1 Re8 11. a4 h6 12. Nc4 Nb6 13. Nxb6 axb6 14. Be3 Bf5 15. Bf1 Qc7 16. Qb3 Rad8 17. Red1 Na5 18.
Qa2 Be6 19. Qa3 Bb3 20. Re1 c4 21. d4 Bf8 0-1

[Event "Early-Titled-Tuesday-Blitz-March-19-2024"]
[Site "Chess.com"]
[Date "2024.03.19"]
[Round "3"]
[White "Massakru"]
[Black "javirec"]
[Result "0-1"]
[WhiteElo "2426"]
[BlackElo "2247"]
[TimeControl "180+1"]
[EndTime "8:25:02 PDT"]
[Termination "javirec won by resignation"]

1. e4 c5 2. Nf3 e6 3. c3 Nf6 4.
e5 Nd5 5. d4 cxd4 6. cxd4 b6 7.
a3 Bb7 8. Bc4 d6 9. O-O Nd7 10.
Qe2 dxe5 11. dxe5 Be7 12. Rd1 O-O 13. Bd2 a6 14. Nc3 Nxc3 15. Bxc3 Qc7 16. Bd3 Nc5 17.
Bc2 Rad8 18. Rac1 Rxd1+ 19. Rxd1 Rd8 20. Re1 Qc6 21. h3 a5 22. Qe3 h6 23. Qf4 Nd3 24. Bxd3 Rxd3 25. Qg4 Qd5 26. Re4 Qxe4 0-1

[Event "Early-Titled-Tuesday-Blitz-March-19-2024"]
[Site "Chess.com"]
[Date "2024.03.19"]
[Round "3"]
[White "the_chess_child"]
[Black "SmirnovAlexandrA"]
[Result "1-0"]
[WhiteElo "2869"]
[BlackElo "2608"]
[TimeControl "180+1"]
[EndTime "8:25:08 PDT"]
[Termination "the_chess_child won by resignation"]

1. e4 d5 2. exd5 Qxd5 3. Nc3 Qd6 4. Nf3 Nf6 5. d4 a6 6. Bc4 b5 7. Bb3 Bb7 8. Ne5 Nbd7 9. Nxf7 Qc6 10. d5 Qb6 11.
Nxh8 g6 12. Be3 c5 13. dxc6 Qxc6 14. f3 e6 15. Ne2 Bg7 16. Nd4 Qd6 17. Nxe6 Qxd1+ 18. Rxd1 Bxh8 19. Nc7+ Ke7 20. Nxa8 Bxa8 21. O-O Ne5 22.
Bd4 1-0

[Event "Early-Titled-Tuesday-Blitz-March-19-2024"]
[Site "Chess.com"]
[Date "2024.03.19"]
[Round "3"]
[White "Evandro_Barbosa"]
[Black "JimDiGrease"]
[Result "0-1"]
[WhiteElo "2680"]
[BlackElo "3000"]
[TimeControl "180+1"]
[EndTime "8:25:10 PDT"]
[Termination "JimDiGrease won by resignation"]

1. e4 c5 2. Nf3 e6 3. d3 Nc6 4. g3 d5 5. Qe2 Nf6 6. Bg2 Be7 7. O-O O-O 8. e5 Nd7 9. c4 a6 10. Nc3 Nd4 11. Nxd4 cxd4 12. Nb1 dxc4 13. dxc4 Qc7 14. Bf4 g5 15. Qg4 Nxe5 16. Bxe5 Qxe5 17. Nd2 Qg7 18. Nf3 Rd8 19. Rad1 f5 20. Qh5 g4 21. Ne1 Bd7 0-1

[Event "Early-Titled-Tuesday-Blitz-March-19-2024"]
[Site "Chess.com"]
[Date "2024.03.19"]
[Round "3"]
[White "MikeWizard"]
[Black "Chessdude1987"]
[Result "0-1"]
[WhiteElo "2118"]
[BlackElo "2388"]
[TimeControl "180+1"]
[EndTime "8:25:25 PDT"]
[Termination "Chessdude1987 won by checkmate"]

1. d4 e6 2. c4 f5 3. g3 Nf6 4. Bg2 Bb4+ 5. Bd2 Qe7 6. a3 Bxd2+ 7. Nxd2 d6 8. Nh3 e5 9. dxe5 dxe5 10. O-O O-O 11. e4 f4 12. gxf4 Bxh3 13. Bxh3 exf4 14. Re1 Nc6 15. Nf3 Ne5 16. Nxe5 Qxe5 17. Qb3 Nxe4 18. Bg2 f3 19. Bxf3 Qg5+ 20. Kh1 Nxf2# 0-1

[Event "Early-Titled-Tuesday-Blitz-March-19-2024"]
[Site "Chess.com"]
[Date "2024.03.19"]
[Round "3"]
[White "JERO-8914"]
[Black "bescmelasti"]
[Result "0-1"]
[WhiteElo "2453"]
[BlackElo "2661"]
[TimeControl "180+1"]
[EndTime "8:25:27 PDT"]
[Termination "bescmelasti won by resignation"]

1. c4 e5 2. Nc3 Nf6 3. Nf3 Nc6 4. e4 Bb4 5. d3 d6 6. a3 Bxc3+ 7. bxc3 Nd7 8. g3 Nc5 9. Bg2 f5 10. Ng5 O-O 11.
exf5 Bxf5 12. Ne4 Nxe4 13. dxe4 Be6 14. Qe2 Na5 15. c5 Bc4 16. Qe3 Nb3 17. Rb1 Nxc5 18.
Bf1 Bxf1 19. Kxf1 Qd7 20. Kg2 Qa4 21. f3 Qc2+ 0-1

[Event "Early-Titled-Tuesday-Blitz-March-19-2024"]
[Site "Chess.com"]
[Date "2024.03.19"]
[Round "3"]
[White "Ginger_GM"]
[Black "margarita_2703"]
[Result "1-0"]
[WhiteElo "2586"]
[BlackElo "2327"]
[TimeControl "180+1"]
[EndTime "8:25:29 PDT"]
[Termination "Ginger_GM won by checkmate"]

1. d4 d5 2. Nc3 Nf6 3. Bf4 c6 4. e3 h6 5. Bd3 e6 6. Nf3 Bd6 7.
Ne5 Qc7 8. O-O Nfd7 9. Qh5 Nxe5 10. dxe5 Be7 11. e4 d4 12. Ne2 c5 13. b3 a6 14. c3 dxc3 15. Nxc3 Nc6 16. Nd5 exd5 17.
exd5 Nb4 18. d6 Qd7 19. Bc4 g6 20. Qf3 Bg5 21. Bxg5 hxg5 22. e6 fxe6 23. Bxe6 Qxe6 24. Rfe1 Rf8 25. Rxe6+ Bxe6 26. Qxb7 Bd5 27. Qe7# 1-0

[Event "Early-Titled-Tuesday-Blitz-March-19-2024"]
[Site "Chess.com"]
[Date "2024.03.19"]
[Round "3"]
[White "BardArtem"]
[Black "MagnusCarlsen"]
[Result "0-1"]
[WhiteElo "2830"]
[BlackElo "3267"]
[TimeControl "180+1"]
[EndTime "8:25:34 PDT"]
[Termination "MagnusCarlsen won by resignation"]

1. e4 c5 2. c3 Qa5 3. Nf3 Nc6 4. Be2 Nf6 5. e5 Ng4 6. O-O Ngxe5 7. Nxe5 Nxe5 8. d4 Ng6 9. Re1 e6 10. dxc5 Qxc5 11.
Be3 Qc7 12. c4 Be7 13. Nc3 a6 14. Rc1 d6 15. g3 O-O 16. h4 Ne5 17. b3 b6 18. Na4 Bb7 19. Nxb6 Qc6 20. f3 Rae8 21. Bf4 Qxb6+ 0-1

[Event "Early-Titled-Tuesday-Blitz-March-19-2024"]
[Site "Chess.com"]
[Date "2024.03.19"]
[Round "3"]
[White "javierfreilemartin"]
[Black "GreenPeach24"]
[Result "0-1"]
[WhiteElo "2298"]
[BlackElo "2558"]
[TimeControl "180+1"]
[EndTime "8:25:45 PDT"]
[Termination "GreenPeach24 won by resignation"]

1. c4 e6 2. Nf3 d5 3. d4 Nf6 4.
g3 Be7 5. Bg2 O-O 6. Qc2 c6 7.
O-O b6 8. Re1 Bb7 9. Nbd2 c5 10.
cxd5 Nxd5 11. dxc5 Bxc5 12. Ne4 Be7 13. Neg5 Nf6 14. e4 Qc8 15. Qb1 h6 16. e5 hxg5 17.
Nxg5 g6 18. exf6 Bxf6 19. Nxe6 Bxg2 20. Kxg2 Re8 21. Qe4 Rxe6 22. Qxa8 Rxe1 23. Qf3 Rxc1 0-1

[Event "Early-Titled-Tuesday-Blitz-March-19-2024"]
[Site "Chess.com"]
[Date "2024.03.19"]
[Round "3"]
[White "Arystanner"]
[Black "Rutvij09"]
[Result "1-0"]
[WhiteElo "2842"]
[BlackElo "2518"]
[TimeControl "180+1"]
[EndTime "8:25:55 PDT"]
[Termination "Arystanner won by resignation"]

1. d4 d5 2. c4 Nc6 3. Nf3 Bg4 4.
cxd5 Bxf3 5. gxf3 Qxd5 6. e3 e5 7. Nc3 Bb4 8. Bd2 Bxc3 9. bxc3 Qd6 10. Rg1 Nge7 11. Rb1 O-O-O 12. Qb3 b6 13. Rxg7 exd4 14. cxd4 Nf5 15. Bh3 Nxd4 16. exd4 Qxd4 17. Bxf5+ Kb8 18. Qc3 Rhe8+ 19. Kf1 Qxd2 20. Qxd2 Rxd2 21. Be4 Rxa2 22. Rxf7 a5 23. Rc1 1-0

[Event "Early-Titled-Tuesday-Blitz-March-19-2024"]
[Site "Chess.com"]
[Date "2024.03.19"]
[Round "3"]
[White "stollenmonster"]
[Black "LeRoidesChampions"]
[Result "1-0"]
[WhiteElo "2920"]
[BlackElo "2668"]
[TimeControl "180+1"]
[EndTime "8:26:02 PDT"]
[Termination "stollenmonster won by resignation"]

1. e4 e6 2. Nc3 d5 3. g3 Nf6 4. Bg2 c6 5. Nge2 Bc5 6. d4 Be7 7. O-O dxe4 8. Nxe4 Nbd7 9. c4 O-O 10. N2c3 Nxe4 11.
Nxe4 Nf6 12. Be3 Qa5 13. h3 Rd8 14. Qc2 e5 15. Nxf6+ Bxf6 16. d5 cxd5 17. cxd5 Rxd5 18. b4 Qd8 19. Rfd1 Bf5 20. Rxd5 Bxc2 21. Rxd8+ Rxd8 22. Bxb7 Rb8 23. Rc1 Rxb7 24. Rxc2 h6 25. a3 Be7 26.
Rc8+ Kh7 27. Ra8 Rd7 28. Rxa7 Rd1+ 29. Kg2 Bd6 30. Rd7 f5 31. Bc5 1-0

[Event "Early-Titled-Tuesday-Blitz-March-19-2024"]
[Site "Chess.com"]
[Date "2024.03.19"]
[Round "3"]
[White "dianamirza"]
[Black "yonaltimur"]
[Result "0-1"]
[WhiteElo "1998"]
[BlackElo "2353"]
[TimeControl "180+1"]
[EndTime "8:26:04 PDT"]
[Termination "yonaltimur won by checkmate"]

1. e4 c5 2. Nf3 d6 3. d4 cxd4 4. Nxd4 Nf6 5. Nc3 a6 6. Be3 e5 7. Nb3 Be6 8. Bd3 Be7 9. O-O Nbd7 10. f4 Rc8 11. f5 Bc4 12. Bxc4 Rxc4 13. Qd3 Rc6 14.
Nd5 Nxd5 15. exd5 Rc8 16. c4 O-O 17. Nd2 Bg5 18. Ne4 Bxe3+ 19. Qxe3 Nf6 20. b3 b5 21. Rac1 Nxe4 22. Qxe4 f6 23. Rf3 Qa5 24. Rc2 Rc7 25. Rh3 Rfc8 26. Qh4 h6 27. Rg3 Kh8 28. Qg4 Qe1# 0-1

[Event "Early-Titled-Tuesday-Blitz-March-19-2024"]
[Site "Chess.com"]
[Date "2024.03.19"]
[Round "3"]
[White "grzechu96"]
[Black "DucksParadise"]
[Result "1-0"]
[WhiteElo "2736"]
[BlackElo "2507"]
[TimeControl "180+1"]
[EndTime "8:26:06 PDT"]
[Termination "grzechu96 won by resignation"]

1. e4 e6 2. d4 d5 3. Nc3 Bb4 4. exd5 exd5 5. Bd3 Nc6 6. a3 Bxc3+ 7. bxc3 Nge7 8.
Qf3 Be6 9. Ne2 Qd7 10. Ng3 O-O 11. h3 Rfe8 12. O-O Na5 13. Nh5 Kh8 14. Nf6 Qd8 15.
Qh5 h6 16. Bxh6 g6 17. Qh4 1-0